 Dungeon Sprint DCSS version 0.21-a0-297-ga3d34c2 (webtiles) character file.

27 Kidiri the Magician (level 2, -3/15 HPs)
             Began as a Deep Elf Fire Elementalist on Sept 28, 2017.
             Slain by Crazy Yiuf
             ... wielding a +3 quarterstaff of chaos
              (18 damage)
             ... in the Dungeon (Sprint III: "The Ten Rune Challenge").
             The game lasted 00:02:28 (266 turns).

Kidiri the Magician (Deep Elf Fire Elementalist)     Turns: 266, Time: 00:02:28

Health: -3/15      AC:  2    Str:  5    XL:     2   Next: 93%
Magic:  7/11       EV: 13    Int: 19    God:
Gold:   1          SH:  0    Dex: 15    Spells: 10/13 levels left

rFire    . . .     SeeInvis .   k - +0 short sword
rCold    . . .     Gourm    .   (no shield)
rNeg     . . .     Faith    .   a - +0 robe
rPois    .         Spirit   .   (no helmet)
rElec    .         Reflect  .   (no cloak)
rCorr    .         Harm     .   (no gloves)
MR       .....     NoTele   +   (no boots)
Stlth    ++........             (no amulet)
HPRegen  0.05/turn              (no ring)
MPRegen  0.12/turn              (no ring)

@: no status effects
A: no striking features
a: no special abilities


You were in the Dungeon.
You were not hungry.

You visited 1 branch You collected 1 gold pieces.

Inventory:

Hand Weapons
 k - a +0 short sword (weapon)
Armour
 a - a +0 robe (worn)
Wands
 d - a wand of flame (27/48)
Scrolls
 i - a scroll of blinking
Potions
 e - a potion of heal wounds
 f - a potion of haste
 g - 2 potions of magic
 h - a potion of berserk rage
Books
 b - a book of Flames

   Spells                             Type                      Level
   a - Flame Tongue                   Conjuration/Fire             1
   b - Throw Flame                    Conjuration/Fire             2
   c - Conjure Flame                  Conjuration/Fire             3
   d - Inner Flame                    Hexes/Fire                   3
   e - Sticky Flame                   Conjuration/Fire             4
   f - Fireball                       Conjuration/Fire             5
Comestibles
 c - a bread ration
 j - 4 chunks of flesh


   Skills:
 - Level 2.4 Dodging
 - Level 2.4 Stealth
 * Level 6.1 Spellcasting
 + Level 3.2 Conjurations
 + Level 4.6 Fire Magic


You had 10 spell levels left.
You knew the following spells:

 Your Spells              Type           Power        Failure   Level  Hunger
a - Flame Tongue          Conj/Fire      ###..        2%          1    None
b - Throw Flame           Conj/Fire      ###...       3%          2    None


Dungeon Overview and Level Annotations

Branches:
Dungeon (1/1)

Altars:

Annotations:
D Crazy Yiuf


Message History

Press: ? - help, Shift-Dir - straight line, f/p - Crazy Yiuf
Aim: Crazy Yiuf, wielding a quarterstaff of chaos and wearing a cloak The flame tongue hits Crazy Yiuf.
Crazy Yiuf appears unharmed.
Casting: Flame Tongue
Confirm with . or Enter, or press ? or * to list all spells.
Aiming: Flame Tongue
Press: ? - help, Shift-Dir - straight line, f/p - Crazy Yiuf
Aim: Crazy Yiuf, wielding a quarterstaff of chaos and wearing a cloak The flame tongue hits Crazy Yiuf.
Crazy Yiuf is lightly wounded.
Casting: Flame Tongue
Confirm with . or Enter, or press ? or * to list all spells.
Aiming: Flame Tongue
Press: ? - help, Shift-Dir - straight line, f/p - Crazy Yiuf
Aim: Crazy Yiuf, wielding a quarterstaff of chaos and wearing a cloak (lightly wounded)
The flame tongue hits Crazy Yiuf.
Crazy Yiuf is severely wounded.
Crazy Yiuf hits you with a quarterstaff of chaos!!
Ouch! That really hurt!
You die...

▓▓▓▓ ▓▓▓▓▓▓▓
▓<.# +.....♣♣
▓..# #......♣
▓#'####.....♣
▓..÷..#....≈♣♣♣♣
▓.....#...≈≈♣..♣
▓.....#g.≈≈≈≈..♣
▓####'#@.≈≈≈≈≈≈♣
▓...[.#.≈≈≈≈≈≈..
▓.....#.≈≈≈≈≈...
▓.....#.≈≈≈....p
▓'#####.........
▓...............
▓▓▓▓▓▓▓▓▓▓▓▓▓▓▓▓


You could see Crazy Yiuf.

Vanquished Creatures
  Jessica (D)
  2 rats (D)
3 creatures vanquished.

Vanquished Creatures (others)
  A draconian scorcher (D)
  A yaktaur (D)
  5 hellions (D)
7 creatures vanquished.

Grand Total: 10 creatures vanquished

Notes
Turn   | Place    | Note
-------+----------+-------------------------------------------
     0 | D        | Kidiri the Deep Elf Fire Elementalist began the quest for the Orb.
     0 | D        | Reached XP level 1. HP: 10/10 MP: 6/6
    64 | D        | Noticed Jessica
    71 | D        | Killed Jessica
    71 | D        | Reached skill level 6 in Spellcasting
    71 | D        | Reached XP level 2. HP: 6/15 MP: 1/11
    80 | D        | Learned a level 2 spell: Throw Flame
    91 | D        | Killed a yaktaur
   123 | D        | Killed a hellion
   123 | D        | Killed a hellion
   131 | D        | Killed a hellion
   133 | D        | Killed a hellion
   146 | D        | Killed a hellion
   225 | D        | Killed a white draconian scorcher
   260 | D        | Noticed Crazy Yiuf
   266 | D        | Slain by Crazy Yiuf

Vault maps used:
D:        dungeon_sprint_mu

Skill      XL: |  1 |
---------------+----+-----
Spellcasting   | 6 |  6.1
Conjurations   | 3 |  3.2
Fire Magic     | 4 |  4.6
Dodging        | |  2.4
Stealth        | |  2.4

Action                   || total
-------------------------++-------
 Cast: Flame Tongue      ||    15
  Use: Potion            ||     1
Dodge: Dodged            ||     2

Table legend:
 A = Spawn XP
 B = Non-spawn XP
 C = Spawn XP percentage of total XP
 D = Spawn monster count
 E = Non-spawn monster count
 F = Spawn count percentage of total count
 G = Total turns spent on level
                    A         B        C        D         E        F      G
               +---------+---------+-------+---------+---------+-------+---------
         Total |       0 |      39 |   0.0 |       0 |       3 |   0.0 |   266
               +---------+---------+-------+---------+---------+-------+---------
             D |       0 |      39 |   0.0 |       0 |       3 |   0.0 |   266
               +---------+---------+-------+---------+---------+-------+---------
